Description

Private build order for practice, probably not useful, don't know how to export build order without publishing it first.

Replay - Serral v Trap - Ever Dream LE

Build Order

Get SALT Encoding   

  12  0:00  Drone  
  13  0:11  Drone  
  14  0:33  Hatchery  
  13  0:37  Drone  
  14  0:44  Overlord  
  14  0:50  Extractor  
  14  0:51  Drone  
  15  1:03  Drone x2  
  17  1:13  Spawning Pool  
  17  1:17  Drone x2  
  17  1:19  Extractor  
  17  1:31  Drone  
  18  1:41  Drone  
  19  1:48  Drone  
  19  1:54  Drone  
  21  2:00  Queen x2, Zergling x2  
  26  2:06  Overlord  
  26  2:09  Drone x2  
  28  2:24  Metabolic Boost  
  28  2:26  Drone x2  
  30  2:40  Hatchery  
  29  2:44  Drone x2  
  29  2:51  Queen  
  30  2:55  Overlord  
  30  2:58  Zergling x4  
  33  3:03  Zergling x2  
  35  3:14  Zergling x4  
  35  3:15  Drone x2  
  35  3:16  Overlord  
  39  3:20  Drone x2  
  39  3:30  Drone x3  
  41  3:35  Spore Crawler  
  41  3:39  Drone  
  41  3:46  Queen  
  41  3:47  Drone x2  
  44  3:52  Drone  
  46  3:56  Queen  
  48  4:06  Drone x2, Roach Warren  
  48  4:07  Extractor  
  47  4:12  Spore Crawler, Drone x3  
  49  4:22  Drone x2  
  50  4:25  Overlord  
  50  4:27  Drone x2  
  52  4:32  Overlord  
  52  4:40  Overlord  
  52  4:46  Roach x4  
  62  4:53  Roach x2  
  62  4:58  Overlord  
  64  5:00  Roach x2  
  64  5:03  Zergling x10  
  70  5:12  Ravager x2  
  75  5:15  Overlord  
  75  5:19  Zergling x10  
  79  5:28  Overlord  
  80  5:30  Zergling x8  
  80  5:33  Ravager x2  
  86  5:39  Zergling x8  
  90  5:46  Queen  
  90  5:48  Zergling x6  
  95  5:52  Ravager  
  95  5:54  Overlord  
  96  5:57  Zergling x6  
  96  6:02  Ravager  
  100  6:06  Zergling x6  
  102  6:16  Zergling x6  
  105  6:24  Zergling x6  
  100  6:25  Ravager  
  100  6:32  Queen x3  
  83  6:41  Zergling x6  
  78  6:47  Zergling x6  
  79  6:58  Zergling x6  
  80  7:10  Roach x3  
  80  7:13  Lair  
  86  7:18  Drone x3  
  86  7:22  Extractor  
  85  7:24  Evolution Chamber  
  85  7:28  Drone x3  
  87  7:30  Ravager x3  
  90  7:37  Drone x5  
  90  7:43  Drone x6  
  101  7:51  Drone  
  101  7:57  Drone x5  
  103  8:04  Drone x2  
  100  8:13  Zerg Melee Weapons Level 1  
  100  8:14  Roach x5  
  110  8:22  Extractor  
  110  8:23  Overseer  
  109  8:28  Extractor x2  
  109  8:29  Zergling x12  
  113  8:35  Spore Crawler, Drone  
  113  8:40  Glial Reconstitution  
  113  8:44  Drone  
  113  8:46  Overlord x3  
  114  8:52  Overlord x3, Drone  
  109  9:02  Overlord  
  109  9:06  Roach x7  
  122  9:13  Baneling Nest  
  120  9:18  Roach x5  
  129  9:27  Roach x4  
  137  9:32  Ravager x2  
  137  9:35  Roach x2  
  137  9:37  Evolution Chamber  
  142  9:43  Roach x3  
  147  9:48  Roach x3  
  152  9:52  Ravager  
  152  9:58  Zergling x12  
Spawning Tool Build Advisor. Get it on Overwolf

Go to:

Details

  • Created by: ZeroDayRNA
  • Published on: Jan 09, 2021
  • Modified on: Jan 09, 2021
  • Patch: 4.11.0
  • Difficulty: Medium
Show
View Real Time Build Order
Export as new Build Order

Comments (5)

On Feb. 2, 2021, 7:01 p.m., ZeroDayRNA  said:

Oh wait I figured it out. If you leave the analysis/description blank it doesn't show the steps in the preview. Either way thanks for the help lol, now I don't have to bother everyone else with this

On Feb. 2, 2021, 6:58 p.m., ZeroDayRNA  said:

I tried that, it doesn't show the build order steps, maybe I am doing something else wrong along the way

On Feb. 2, 2021, 6:50 p.m., StoicLoofah  said:

Oh, if you're in a browser, you should be able to preview them as though they're live from the bottom of this page https://lotv.spawningtool.com/build/mybuilds/

On Feb. 2, 2021, 6:45 p.m., ZeroDayRNA  said:

Ah I see thanks! I was using a web browser so I didn't see that option lol

On Feb. 2, 2021, 5:30 p.m., StoicLoofah  said:

You should be able to load your unpublished builds from the account page (the gear) in the Overwolf app if you don't want to publish them in the future!

Create an account to comment!